 Dungeon Crawl Stone Soup version 0.29-a0-323-g050149af67 (webtiles) character file.

Game seed: 2824293169183490963

84 zishaf the Skirmisher (level 4, -5/39 HPs)
             Began as a Palentonga Abyssal Knight on Apr 11, 2022.
             Was a Priest of Lugonu.
             Splashed by a jelly's acid (8 damage)
             ... on level 4 of the Dungeon.
             The game lasted 00:03:29 (2995 turns).

zishaf the Skirmisher (Palentonga Abyssal Knight)   Turns: 2995, Time: 00:03:30

Health: -5/39      AC: -1    Str: 18    XL:     4   Next: 23%
Magic:  6/6        EV:  7    Int: 10    God:    Lugonu [***...]
Gold:   109        SH:  0    Dex: 11    Spells: 3/3 levels left

rFire   + + .      SeeInvis +   a - +1 hand axe
rCold   . . .      Faith    .   (no shield)
rNeg    . . .      Spirit   .   l - +0 scale mail {rF+}
rPois   .          Reflect  .   (no helmet)
rElec   .          Harm     .   (no cloak)
rCorr   .          Rampage  .   (no gloves)
Will    .....                   (no barding)
Stlth   ..........              (no amulet)
HPRegen 0.13/turn               h - ring of protection from fire
MPRegen 0.10/turn               (no ring)

@: corroded
A: large, rugged brown scales 3, see invisible, deformed body, roll 1, armoured
tail
a: Rolling Charge, Renounce Religion, Depart the Abyss, Bend Space, Banish


You were on level 4 of the Dungeon.
You worshipped Lugonu.
Lugonu was most pleased with you.
You visited 1 branch of the dungeon, and saw 4 of its levels.
You visited the Abyss 1 time.

You collected 109 gold pieces.

Inventory:

Hand Weapons
 a - a +1 hand axe (weapon)
 b - a +0 hunting sling
Armour
 e - a +0 ring mail
 k - a +0 leather armour
 l - a +0 scale mail of fire resistance (worn)
Jewellery
 h - a ring of protection from fire (left hand)
Scrolls
 c - a scroll of amnesia
 m - a scroll of teleportation
 n - a scroll of immolation
Potions
 d - a potion of magic {unknown}
 g - a potion of might {unknown}
 i - 2 potions of curing {unknown}
 j - a potion of heal wounds {unknown}
 o - a potion of haste {unknown}


   Skills:
 + Level 3.6 Fighting
 + Level 2.9 Axes
 - Level 2.0 Armour
 - Level 1.0 Dodging
 + Level 3.1 Invocations


You had 3 spell levels left.
You didn't know any spells.
Your spell library contained the following spells:

 Spells                   Type           Power      Damage    Failure   Level
 Dazzling Flash           Conj/Hex       0%         N/A       98%         3
 Iskenderun's Mystic Bla  Conj/Tloc      0%         2d3       100%        4
 Starburst                Conj/Fire      0%         6d3       100%        6


Dungeon Overview and Level Annotations

Branches:
Dungeon (3/15)

Altars:
Okawaru

Shops:
D:1 (


Innate Abilities, Weirdness & Mutations

You are completely covered in rugged brown scales. (AC +3, +7% HP)
You have supernaturally acute eyesight. (SInv)
Armour fits poorly on your strangely shaped body.
You can roll at nearby foes to attack.
You have a long armoured tail.


Message History

As you read the scroll of identify, it crumbles to dust.
m - a scroll of teleportation
As you read the scroll of identify, it crumbles to dust.
n - a scroll of immolation Blink to where?
Press: ? - help, Dir - move target A jelly comes into view.
Found a coral ring.
As you read the scroll labelled ADGHUKK DUNIE, it crumbles to dust.
It was a scroll of blinking.
Found 14 gold pieces.
You see here a ring of resist corrosion.
Roll where?
Press: ? - help, Dir - move target, f - jelly
Aim: a jelly You roll forward with a clatter of scales!
You slash the jelly! The acid corrodes you!
Your hands burn!
The jelly is severely wounded.
The jelly hits you but does no damage.
You hit the jelly.
Your hands burn!
The jelly is almost dead.
The jelly hits you but does no damage.
You completely miss the jelly.
The jelly is almost dead.
The jelly hits you.
You are splashed with acid!
You hit the jelly but do no damage.
Your hands burn!
You tail-slap the jelly, but do no damage.
The jelly is almost dead.
The jelly barely misses you.
You hit the jelly but do no damage.
Your hands burn!
The jelly is almost dead.
The jelly hits you.
You are splashed with acid.
* * * LOW HITPOINT WARNING * * *
You hit the jelly. The acid corrodes you!
Your hands burn!
* * * LOW HITPOINT WARNING * * *
The jelly is almost dead.
The jelly hits you.
* * * LOW HITPOINT WARNING * * *
You are splashed with acid!
You die...

..........$...
..##.........
#.##.........
#..#.........
##.#.........
#.#.........
#.#.=.......
#...........
##..@.......
##.J..#####
#..##.# ...#.
... #.##
.J.... #.
......# .
......# .
......# #.
......


You could see a jelly.

Vanquished Creatures
  2 adders (D:2)
  2 worms (D:2)
  A dart slug (D:1)
  4 bats
  5 endoplasms
  5 hobgoblins
  7 jackals
  6 kobolds
  7 quokkas
  A ball python (D:1)
  4 frilled lizards
  5 goblins
  3 rats (D:1)
52 creatures vanquished.

Notes
Turn   | Place    | Note
-------+----------+-------------------------------------------
     0 | Abyss:1  | zishaf the Palentonga Abyssal Knight began the quest for
                  | the Orb.
     0 | Abyss:1  | Reached XP level 1. HP: 19/19 MP: 2/2
    19 | D:1      | Escaped the Abyss
   220 | D:1      | Reached skill level 1 in Dodging
   338 | D:1      | Reached XP level 2. HP: 25/25 MP: 3/3
   445 | D:1      | Found Jougoh Veaff's Weapon Emporium.
   912 | D:1      | Reached *** piety under Lugonu
  1141 | D:1      | Reached XP level 3. HP: 31/31 MP: 4/4
  2173 | D:2      | Found an iron altar of Okawaru.
  2510 | D:2      | Identified the +2 pair of boots of the Everdark {Str-2
                  | Dex+5}
  2545 | D:2      | Reached XP level 4. HP: 38/38 MP: 6/6
  2982 | D:2      | You fall into a shaft and drop 2 floors!
  2995 | D:4      | Splashed by a jelly's acid

Illustrated notes

Levels and vault maps discovered:
D:1:      lemuel_arrival_cross, layout_basic, serial_shops, shop,
          serial_park_tiny_2, dk_noncrumbling_4
D:2:      layout_basic, basic_altar
D:3:      layout_basic, nicolae_gozag_seed_capital
D:4:      layout_rooms, minmay_temple_entry_statues_fountains,
          nicolae_ossuary_entry_false_entrances, minmay_misc_feat_roman,
          uniq_blork_the_orc

Skill      XL: |  1  2  3  4 |
---------------+-------------+-----
Dodging        | 1 |  1.0
Armour         | 2 |  2.0
Invocations    | 3 |  3.1
Fighting       | |  3.6
Axes           | |  2.9

Action                   |  1- 3 |  4- 6 || total
-------------------------+-------+-------++-------
Melee: Hand axe          |   140 |    38 ||   178
       Tailslap          |    10 |     4 ||    14
       Punch             |       |     1 ||     1
 Fire: Hunting sling     |    11 |       ||    11
 Abil: Rolling Charge    |     2 |     1 ||     3
  Use: Scroll            |       |     4 ||     4
Armor: Leather armour    |     8 |       ||     8
       Ring mail         |    41 |       ||    41
       Scale mail        |    17 |    16 ||    33
Dodge: Dodged            |    59 |    16 ||    75

Table legend: (Time is in decaauts)
 A = Elapsed time spent in this place.
 B = Non-inter-level travel time spent in this place.
 C = Inter-level travel time spent in this place.
 D = Time resting spent in this place.
 E = Time spent auto-exploring this place.
 F = Levels seen in this place.
 G = Mean time per level.
                   A        B        C        D        E       F      G
               +--------+--------+--------+--------+--------+-----+--------+
         Total |   3032 |   2963 |     69 |    692 |   1789 |   5 |  606.4 |
       Dungeon |   3013 |   2944 |     69 |    692 |   1789 |   4 |  753.2 |
         Abyss |     19 |     19 |      0 |      0 |      0 |   1 |   19.0 |
               +--------+--------+--------+--------+--------+-----+--------+

Top non-repeatable levels by time:
     D:1: 1848 daAuts
     D:2: 1142 daAuts
 Abyss:1: 19 daAuts
     D:4: 13 daAuts
     D:3: 8 daAuts
